 Dungeon Crawl Stone Soup version 0.31.0-11-ge490571c62 (webtiles) character file.

Game seed: 14604683329299375475

1417 browni3141 the Cleaver (level 8, -7/71 HPs)
             Began as a Minotaur Fighter on Jan 29, 2024.
             Mangled by Duvessa
             ... wielding a +0 short sword
              (12 damage)
             ... on level 6 of the Dungeon.
             The game lasted 00:02:47 (4553 turns).

browni3141 the Cleaver (Minotaur Fighter)           Turns: 4553, Time: 00:02:48

Health: -7/71      AC: 11    Str: 23    XL:     8   Next: 43%
Magic:  7/7        EV:  9    Int:  5    God:
Gold:   226        SH:  5    Dex: 10    Spells: 7/7 levels left

rFire   . . .        a - +0 war axe
rCold   . . .        c - +0 buckler
rNeg    . . .        b - +0 scale mail
rPois   .            (helmet restricted)
rElec   .            g - +1 cloak
rCorr   .            l - +0 pair of gloves
SInv    +            (no boots)
Will    .....        (no amulet) Stlth
                     k - ring of see invisible
HPRegen 0.31/turn    (no ring)
MPRegen 0.10/turn

%: no passive effects
@: mighty
A: horns 2, retaliatory headbutt
a: no special abilities


You were on level 6 of the Dungeon.
You visited 2 branches of the dungeon, and saw 7 of its levels.
You also visited: Ossuary.

You collected 226 gold pieces.

Inventory:

Hand Weapons
 a - a +0 war axe (weapon)
Missiles
 m - 3 javelins
 p - 2 boomerangs (quivered)
Armour
 b - a +0 scale mail (worn)
 c - a +0 buckler (worn)
 g - a +1 cloak (worn)
 l - a +0 pair of gloves (worn)
Jewellery
 k - a ring of see invisible (left hand)
 n - a ring of ice
Wands
 D - a wand of light (9)
 E - a wand of mindburst (18)
Scrolls
 e - a scroll of revelation
 f - 4 scrolls of teleportation
 j - a scroll of enchant armour
 s - a scroll of vulnerability
 t - a scroll of acquirement {unknown}
 u - 2 scrolls of noise {unknown}
 v - a scroll of immolation {unknown}
 w - 4 scrolls of identify
 y - 2 scrolls of fear
 A - 2 scrolls of brand weapon {unknown}
 B - a scroll of blinking {unknown}
 C - a scroll of enchant weapon {unknown}
Potions
 h - a potion of resistance {unknown}
 i - 5 potions of curing {unknown}
 o - 2 potions of brilliance {unknown}
 q - a potion of haste {unknown}
 r - 4 potions of degeneration {unknown}
 x - a potion of attraction {unknown}
 z - a potion of mutation {unknown}


   Skills:
 + Level 6.6 Fighting
 * Level 8.3 Axes
 + Level 6.6 Armour
 + Level 6.6 Shields


You had 7 spell levels left.
You didn't know any spells.
Your spell library contained the following spells:

 Spells                   Type           Power      Damage    Failure   Level
 Ensorcelled Hibernation  Hex/Ice        0%         N/A       91%         2
 Inner Flame              Hex/Fire       0%         N/A       99%         3
 Passwall                 Erth           0%         N/A       99%         3
 Swiftness                Air            0%         N/A       99%         3
 Tukima's Dance           Hex            0%         N/A       99%         3
 Dimensional Bullseye     Hex/Tloc       0%         N/A       100%        4
 Iskenderun's Mystic Bla  Conj/Tloc      0%         2d3       100%        4
 Alistair's Intoxication  Alch           0%         N/A       100%        5
 Borgnjor's Vile Clutch   Necr/Erth      0%         N/A       100%        5
 Irradiate                Conj/Alch      0%         3d11      100%        5
 Eringya's Noxious Bog    Alch           0%         4d6       100%        6
 Ignition                 Fire           0%         3d3       100%        8


Dungeon Overview and Level Annotations

Branches:
Dungeon (6/15)             Temple (1/1) D:5         Ossuary (visited)

Altars:
Ashenzari
Cheibriados
Dithmenos
Elyvilon
Fedhas
Hepliaklqana
Kikubaaqudgha
Ru
Sif Muna
Trog
Vehumet
Wu Jian
Xom
Yredelemnul
Zin
The Shining One

Shops:
D:1 *

Annotations:
D:3 exclusion: statue
D:6 Duvessa


Innate Abilities, Weirdness & Mutations

You have a pair of horns on your head.
You reflexively headbutt those who attack you in melee.


Message History

No target in view!
No target in view!
You now have 226 gold pieces (gained 10).
Found a stone staircase leading down.
i - 5 inky potions (gained 1)
A sleepcap comes into view.
A sleepcap is nearby!
A sleepcap is nearby!
The sleepcap releases spores at you.
You are engulfed in a cloud of soporific spores!
You fall asleep.
The sleepcap releases spores at you but does no damage.
The sleepcap releases spores at you!
You wake up.
You slash the sleepcap!
You headbutt the sleepcap, but do no damage.
The sleepcap is heavily damaged.
You block the sleepcap's attack.
You hit the sleepcap but do no damage. You headbutt the sleepcap.
The sleepcap is severely damaged.
You hear the brisk rusting of a very distant drain.
The sleepcap releases spores at you but does no damage.
You hit the sleepcap.
You headbutt the sleepcap, but do no damage.
The sleepcap is almost destroyed.
The sleepcap releases spores at you but does no damage.
You slash the sleepcap!
You destroy the sleepcap!
No target in view!
You hear the brisk rusting of a very distant drain.
Menkaure, Prince of Dust comes into view.
Menkaure shouts!
Found a stone staircase leading up.
Menkaure is nearby!
Menkaure is nearby!
Menkaure is nearby!
Menkaure hits you but does no damage.
You slash Menkaure!
Menkaure is severely damaged.
Menkaure closely misses you.
You slash Menkaure!
You destroy Menkaure!
Your Axes skill increases to level 8!
No target in view!
No target in view!
No target in view!
D - a wand of light (10)
E - a wand of mindburst (18)
You hear the brisk rusting of a very distant drain.
You open the door.
An iguana comes into view.
There is an open door here.
You slash the iguana!
The iguana is severely wounded.
You block the iguana's attack.
You slash the iguana!
You kill the iguana!
You see here an iguana corpse.
No target in view!
There is an open door here.
Dowan, Brother of Duvessa comes into view.
He is wielding a +3 dagger of venom.
Dowan shouts!
Dowan gestures wildly while chanting.
Dowan blinks!
Duvessa, Sister of Dowan comes into view.
She is wielding a +0 short sword.
Duvessa shouts!
Dowan misses you. You furiously retaliate!
You headbutt Dowan.
There are monsters nearby!
There are monsters nearby!
You closely miss Dowan. You headbutt Dowan!
Dowan is heavily wounded.
Dowan hits you with a +3 dagger of venom.
You hit Dowan. You headbutt Dowan!
You kill Dowan!
Duvessa screams in rage.
Duvessa goes berserk!
Duvessa rages.
Duvessa hits you with a +0 short sword! You block Duvessa's attack.
You barely miss Duvessa. You headbutt Duvessa!
Duvessa is lightly wounded.
Duvessa hits you with a +0 short sword! x2
You hit Duvessa.
Duvessa is lightly wounded.
Duvessa closely misses you. You furiously retaliate!
You headbutt Duvessa! You hit Duvessa.
Duvessa is moderately wounded.
Duvessa hits you with a +0 short sword! Duvessa hits you but does no damage.
You feel very mighty all of a sudden. Duvessa hits you with a +0 short sword!
Aiming: Bolt of Light
Press: ? - help, Shift-Dir - straight line, f - Duvessa
Aim: Duvessa, wielding a +0 short sword and wearing a +0 chain mail (moderately wounded, berserk, 83% to hit)
The bolt of light hits Duvessa!
Duvessa is heavily wounded.
Duvessa is blinded.
Duvessa hits you with a +0 short sword! Duvessa hits you but does no damage.
You are too injured to fight recklessly!
You closely miss Duvessa.
Duvessa is heavily wounded.
Duvessa hits you with a +0 short sword!
You die...

...#......###.####.#
+..........#....#
#....###..##.####
#....# ##.##.#
#....####..#.###
#..............
#............#
#...(.....e..#
#........)@..#
#............#
#............#
#............#
#............#
#####......#.#
#####'######.#
#....†.......#
#......#######


You could see Duvessa (berserk, blind, unable to see you).

Vanquished Creatures
  Menkaure (D:6)
  A water moccasin (D:5)
  An orc warrior (D:6)
  A sky beast (D:6)
  A phantom (D:5)
  A scorpion (D:2)
  3 water moccasin zombies (Ossuary)
  Dowan (D:6)
  A burial acolyte (Ossuary)
  A bombardier beetle (D:4)
  A hound (D:4)
  An orc priest (D:6)
  A jelly (D:4)
  A spectral scorpion (Ossuary)
  2 iguanas
  A sleepcap (D:6)
  4 orc wizards (D:4)
  A crocodile zombie (Ossuary)
  A bullfrog simulacrum (Ossuary)
  2 mummies (Ossuary)
  5 adders
  3 gnolls (D:3)
  A white imp (D:5)
  2 ufetubi (D:5)
  4 adder zombies (Ossuary)
  3 dart slugs
  2 ribbon worms
  14 orcs
  8 endoplasms
  A giant cockroach (D:3)
  6 gnoll zombies (Ossuary)
  6 goblins
  7 hobgoblins
  7 jackals
  8 kobolds
  A quokka (D:3)
  8 ball pythons
  7 bats
  4 frilled lizards
  4 jackal zombies (Ossuary)
  4 orc zombies (Ossuary)
  7 rats
139 creatures vanquished.

Notes
Turn   | Place    | Note
-------+----------+-------------------------------------------
     0 | D:1      | browni3141 the Minotaur Fighter began the quest for the
                  | Orb.
     0 | D:1      | Reached XP level 1. HP: 19/19 MP: 0/0
   171 | D:1      | Reached XP level 2. HP: 25/27 MP: 1/1
   226 | D:1      | Reached skill level 3 in Axes
   488 | D:1      | Reached XP level 3. HP: 33/33 MP: 2/2
   523 | D:1      | Found Jueresme's General Store.
   597 | D:1      | Found a faded altar of an unknown god.
   893 | D:2      | Noticed a scorpion
   901 | D:2      | Killed a scorpion
   902 | D:2      | Reached skill level 4 in Axes
   902 | D:2      | Reached XP level 4. HP: 22/41 MP: 3/3
  1030 | D:2      | Found a broken altar of Ashenzari.
  1310 | D:2      | You fall into a shaft and drop 1 floor!
  1587 | D:3      | Reached XP level 5. HP: 40/47 MP: 4/4
  1634 | D:3      | Found a radiant altar of Vehumet.
  1634 | D:3      | Noticed a charred statue
  2302 | D:4      | Reached skill level 5 in Axes
  2358 | D:4      | Reached XP level 6. HP: 39/55 MP: 5/5
  2369 | D:4      | Reached skill level 5 in Armour
  2369 | D:4      | Reached skill level 5 in Shields
  2372 | D:4      | Reached skill level 5 in Fighting
  2625 | D:4      | Found a sand-covered staircase.
  2770 | Ossuary  | Entered an ossuary
  2843 | Ossuary  | Reached skill level 6 in Axes
  2897 | Ossuary  | Reached XP level 7. HP: 55/61 MP: 6/6
  3584 | D:5      | Entered Level 5 of the Dungeon
  3627 | D:5      | Reached skill level 7 in Axes
  3972 | D:5      | Found a staircase to the Ecumenical Temple.
  4034 | Temple   | Entered the Ecumenical Temple
  4250 | D:6      | Reached XP level 8. HP: 24/70 MP: 7/7
  4508 | D:6      | Noticed Menkaure
  4514 | D:6      | Killed Menkaure
  4515 | D:6      | Reached skill level 8 in Axes
  4542 | D:6      | Noticed Dowan
  4543 | D:6      | Noticed Duvessa
  4545 | D:6      | Killed Dowan
  4553 | D:6      | Mangled by Duvessa

Illustrated notes

Levels and vault maps discovered:
D:1:      shiori_arrival_maze, layout_basic, serial_shops, shop,
          dreamdust_ecumenical_altar_angels_and_demons
D:2:      layout_basic, basic_altar
D:3:      layout_loops_ring, vehumet_statue, supply_closet_lemuel
D:4:      layout_loops_ring, chequers_ossuary_entry_cave,
          minmay_a_box_with_orc_wizards_in_it
D:5:      layout_gridville, minmay_temple_entry_slanted
D:6:      lemuel_slime, layout_basic, gup_sewer_entry_pipe, uniq_menkaure,
          uniq_duvessa
Temple:   regret_index_temple_generic_petals

Skill      XL: |  1  2  3  4  5  6  7  8 |
---------------+-------------------------+-----
Axes           | 3 4 5 6 7 8 |  8.3
Armour         | 4 5 6 |  6.6
Fighting       | 4 5 6 |  6.6
Shields        | 4 5 6 |  6.6

Action                     |  1- 3 |  4- 6 |  7- 9 || total
---------------------------+-------+-------+-------++-------
  Melee: War axe           |    72 |   148 |   126 ||   346
         Headbutt          |     8 |    21 |    20 ||    49
  Evoke: Wand              |       |       |     1 ||     1
    Use: Scroll            |       |     6 |       ||     6
         Potion            |       |       |     1 ||     1
 Armour: Scale mail        |    52 |   100 |    82 ||   234
  Dodge: Dodged            |    53 |    72 |    47 ||   172
  Block: Buckler           |    16 |    32 |    31 ||    79
